 Dungeon Crawl Stone Soup version 0.23.0 (webtiles) character file.

Game seed: 12945480207903589495

649859 CyclopB the Impregnable (level 27, -2/201 HPs)
             Began as a Barachi Monk on Feb 9, 2019.
             Was the Champion of Cheibriados.
             Killed from afar by a shadow dragon (5 damage)
             ... with a bolt of negative energy
             ... while paralysed by the power of Zot
             ... on level 2 of the Realm of Zot on Feb 23, 2019.
             The game lasted 21:10:27 (79528 turns).

CyclopB the Impregnable (Barachi Monk)             Turns: 79528, Time: 21:10:28

Health: -2/201     AC: 40    Str: 31    XL:     27
Magic:  24/40      EV:  2    Int: 45    God:    Cheibriados [******]
Gold:   1335       SH:  0    Dex: 39    Spells: 7/62 levels left

rFire    . . .     SeeInvis +   s - +9 eudemon blade (holy)
rCold    . . .     Gourm    .   t - +3 buckler {reflect}
rNeg     . . .     Faith    .   Q - +8 storm dragon scales "Hochiqu" {rElec rCorr Int+2 Dex+3 Slay+2 Stlth+}
rPois    +         Spirit   .   E - +0 helmet
rElec    +         Reflect  +   k - +2 cloak
rCorr    +         Harm     .   e - +2 pair of gloves
MR       +++..                  X - +2 pair of boots {Fly}
Stlth    +.........             d - amulet of Isatwudgh {rPois Regen+ Int+9 Dex+3 Slay-3}
HPRegen  0.83/turn              u - ring of protection from magic
MPRegen  0.27/turn              J - ring of see invisible

@: paralysed, about to teleport, slowed, heavily drained, very slow
A: +LOS, swims, claws 1, agile 1, deterioration 1, frail 1, low mp 1, slowness
1, wild magic 1, strong legs 2
}: 3/15 runes: decaying, serpentine, abyssal
a: Hop, Bend Time, Temporal Distortion, Slouch, Step From Time, Renounce
Religion, Evoke Flight


You were on level 2 of the Realm of Zot.
You worshipped Cheibriados.
Cheibriados was exalted by your worship.
You were hungry.

You visited 12 branches of the dungeon, and saw 51 of its levels.
You visited the Abyss 2 times.
You visited 3 bazaars.
You also visited: Ossuary.

You collected 6672 gold pieces.
You spent 5337 gold pieces at shops.

Inventory:

Hand Weapons
 l - a +6 demon blade of flaming
 s - a +9 eudemon blade of holy wrath (weapon)
Missiles
 o - 35 tomahawks (quivered)
 B - 5 needles of sleeping
 M - a tomahawk of dispersal
 S - 3 throwing nets
Armour
 e - a +2 pair of gloves (worn)
 i - the +6 chain mail "Dunewk" {rF+ rC++ MP+9 Stlth-}
   (You found it on level 3 of the Elven Halls)

   It protects you from fire.
   It greatly protects you from cold.
   It affects your magic capacity (+9).
   It makes you less stealthy.
 k - a +2 cloak (worn)
 t - a +3 buckler of reflection (worn)
 E - a +0 helmet (worn)
 Q - the +8 storm dragon scales "Hochiqu" (worn) {rElec rCorr Int+2 Dex+3 Slay+2 Stlth+}
   (You found it on level 3 of the Elven Halls)

   It affects your intelligence (+2).
   It affects your dexterity (+3).
   It affects your accuracy and damage with ranged weapons and melee attacks
   (+2).
   It insulates you from electricity.
   It provides partial protection from all sources of acid and corrosion.
   It makes you more stealthy.
 X - a +2 pair of boots of flying (worn)
Magical Staves
 T - an uncursed staff of power
Jewellery
 d - the amulet of Isatwudgh (around neck) {rPois Regen+ Int+9 Dex+3 Slay-3}
   (You took it off a death knight on level 1 of the Crypt)

   [amulet of regeneration]

   It affects your intelligence (+9).
   It affects your dexterity (+3).
   It affects your accuracy and damage with ranged weapons and melee attacks
   (-3).
   It protects you from poison.
   It increases your rate of regeneration.
 u - a ring of protection from magic (left hand)
 J - a ring of see invisible (right hand)
Wands
 m - a wand of clouds (15)
 n - a wand of disintegration (32)
 p - a wand of iceblast (28)
 r - a wand of acid (24)
 z - a wand of flame (73)
 L - a wand of enslavement (32)
 P - a wand of digging (22)
 R - a wand of paralysis (20)
Scrolls
 b - 21 scrolls of remove curse
 f - 3 scrolls of magic mapping
 h - 4 scrolls of blinking
 q - 15 scrolls of teleportation
 v - 8 scrolls of fog
 y - 16 scrolls of identify
 I - a scroll of summoning
Potions
 g - 14 potions of curing
 j - 7 potions of heal wounds
 x - 2 potions of magic
 A - 3 potions of mutation
 C - 3 potions of brilliance
 G - 4 potions of resistance
 V - 6 potions of might
 W - 3 potions of cancellation
 Z - 6 potions of invisibility
Miscellaneous
 a - a lamp of fire
 w - a phantom mirror
 F - a lightning rod (4/4)
 H - a phial of floods
 O - 2 boxes of beasts
 U - 3 sacks of spiders
Comestibles
 c - 85 rations


   Skills:
 - Level 20.0(17.6) Fighting
 - Level 16.0(13.8) Long Blades
   Level 4.5(3.3) Slings
 - Level 2.6(2.4) Throwing
 - Level 22.0(19.5) Armour
 - Level 18.0(15.8) Dodging
 - Level 1.7(0.2) Stealth
 - Level 7.0(5.3) Shields
 - Level 18.0(15.8) Spellcasting
 + Level 21.1(18.7) Conjurations
 - Level 14.0(11.9) Summonings
 - Level 16.0(13.9) Ice Magic
 - Level 0.4(0.0) Air Magic
 - Level 12.4(10.5) Invocations
 + Level 12.2(10.2) Evocations


You had 7 spell levels left.
You knew the following spells:

 Your Spells              Type           Power        Failure   Level  Hunger
a - Ozocubu's Refrigerat  Ice            ########..   1%          6    None
d - Summon Ice Beast      Ice/Summ       ########     1%          4    None
e - Throw Icicle          Conj/Ice       ########     1%          4    None
f - Summon Lightning Spi  Summ/Air       #######.     3%          4    None
g - Aura of Abjuration    Summ           ########..   1%          5    None
h - Shadow Creatures      Summ           N/A          3%          6    None
i - Orb of Destruction    Conj           ########..   1%          7    None
j - Spellforged Servitor  Conj/Summ      ########..   4%          7    None
k - Bolt of Fire          Conj/Fire      ########..   10%         6    None
l - Bolt of Cold          Conj/Ice       ########..   1%          6    None

Your spell library contained the following spells:

 Spells                   Type           Power        Failure   Level  Hunger
 Flame Tongue             Conj/Fire      #####        1%          1    None
 Freeze                   Ice            ####         1%          1    None
 Magic Dart               Conj           ####         1%          1    None
 Summon Small Mammal      Summ           ####         1%          1    None
 Call Imp                 Summ           ########     1%          2    None
 Throw Flame              Conj/Fire      ######       1%          2    None
 Throw Frost              Conj/Ice       ######       1%          2    None
 Call Canine Familiar     Summ           ########     1%          3    None
 Conjure Flame            Conj/Fire      ########     1%          3    None
 Mephitic Cloud           Conj/Pois/Air  #######.     1%          3    None
 Ozocubu's Armour         Chrm/Ice       #######.     1%          3    None
 Recall                   Summ/Tloc      N/A          1%          3    None
 Stone Arrow              Conj/Erth      ######       1%          3    None
 Summon Guardian Golem    Hex/Summ       #######.     1%          3    None
 Sticky Flame             Conj/Fire      ########     1%          4    None
 Summon Demon             Summ           ########..   1%          5    None
 Ice Form                 Ice/Tmut       #######.     2%          4    None
 Bolt of Draining         Conj/Necr      ########..   2%          5    None
 Fireball                 Conj/Fire      ########..   2%          5    None
 Iskenderun's Battlesphe  Conj/Chrm      ########     2%          5    None
 Venom Bolt               Conj/Pois      ########..   2%          5    None
 Animate Skeleton         Necr           N/A          3%          1    None
 Confusing Touch          Hex            #####.       3%          1    None
 Infusion                 Chrm           ####         3%          1    None
 Pain                     Necr           ####         3%          1    None
 Sandblast                Erth           #####.       3%          1    None
 Blink                    Tloc           N/A          4%          2    None
 Passwall                 Tmut/Erth      #####...     4%          2    None
 Shroud of Golubria       Chrm/Tloc      #####.....   4%          2    None
 Slow                     Hex            #####...     4%          2    None
 Song of Slaying          Chrm           #####...     4%          2    None
 Sublimation of Blood     Necr           #####.....   4%          2    None
 Metabolic Englaciation   Hex/Ice        #######...   5%          5    None
 Freezing Cloud           Conj/Ice/Air   ########..   5%          6    None
 Bolt of Magma            Conj/Fire/Erth #######...   6%          5    None
 Summon Forest            Summ/Tloc      #######...   7%          5    None
 Summon Mana Viper        Hex/Summ       #######.     7%          5    None
 Confuse                  Hex            #####...     9%          3    None
 Gell's Gravitas          Tloc           #####.....   9%          3    None
 Ignite Poison            Fire/Tmut/Pois #####...     9%          3    None
 Inner Flame              Hex/Fire       #####...     9%          3    None
 Regeneration             Chrm/Necr      #####.....   9%          3    None
 Spectral Weapon          Hex/Chrm       #####...     9%          3    None
 Vampiric Draining        Necr           #####.....   9%          3    None
 Iron Shot                Conj/Erth      ########..   10%         6    None
 Simulacrum               Ice/Necr       #######...   22%         6    None
 Animate Dead             Necr           N/A          26%         4    None
 Leda's Liquefaction      Hex/Erth       #####.....   26%         4    None
 Petrify                  Tmut/Erth      #####...     26%         4    None
 Agony                    Necr           #####...     54%         5    None
 Lee's Rapid Deconstruct  Erth           #####.....   54%         5    None
 Yara's Violent Unravell  Hex/Tmut       #####.....   54%         5    None
 Haunt                    Necr/Summ      #######...   85%         7    None
 Death Channel            Necr           #####.....   97%         6    None
 Statue Form              Tmut/Erth      #####....    97%         6    None
 Ring of Flames           Chrm/Fire      #####.....   100%        7    None
 Borgnjor's Revivificati  Necr           #####.....   100%        8    ####...
 Death's Door             Chrm/Necr      #####.....   100%        8    ####...
 Ignition                 Fire           #####.....   100%        8    ####...
 Infestation              Necr           #####.....   100%        8    ####...
 Necromutation            Tmut/Necr      #####.....   100%        8    ####...
 Shatter                  Erth           #####.....   100%        9    #####..


Dungeon Overview and Level Annotations

Branches:
Dungeon (15/15)            Temple (1/1) D:5            Lair (6/6) D:9
  Swamp (4/4) Lair:2        Snake (4/4) Lair:3        Slime (0/5) Lair:5
    Orc (2/2) D:10            Elf (3/3) Orc:2        Vaults (4/5) D:13
  Crypt (3/3) Vaults:3       Tomb (1/3) Crypt:3      Depths (5/5) D:15
    Zot (3/5) Depths:5

Altars:
Ashenzari
Cheibriados
Dithmenos
Elyvilon
Fedhas
Gozag
Hepliaklqana
Kikubaaqudgha
Makhleb
Nemelex Xobeh
Okawaru
Qazlal
Ru
Sif Muna
Trog
Uskayaw
Vehumet
Wu Jian
Xom
Yredelemnul
Zin
The Shining One
Jiyva

Shops:
D:15 }   Orc:1 :[==   Orc:2 (%[%*

Portals:
Hell: Depths:1 Depths:2 Depths:3 Depths:4 Depths:5
Abyss: Depths:1 Depths:4
Pandemonium: Depths:3 Depths:4
Ziggurat: Depths:1
Trove: Depths:5 (give 2 scrolls of acquirement)

Annotations:
Snake:2 3 exclusions
Zot:2 1 transporter


Innate Abilities, Weirdness & Mutations

Shadows flee at your approach. (+LOS)
You can swim through water.
You cover ground slowly.
You can hop long distances.
You have sharp fingernails.
You are agile. (Dex +2)
Your body sometimes deteriorates upon taking damage.
You are frail. (-10% HP)
Your magical capacity is low. (-10% MP)
Your spells are a little harder to cast, but a little more powerful.


Message History

The death cob hits you.
* * * LOW HITPOINT WARNING * * *
The shadow dragon bites you.
* * * LOW HITPOINT WARNING * * *
The shadow dragon claws you but does no damage. x2
The shadow dragon is no longer moving slowly.
The death cob hits you!
* * * LOW HITPOINT WARNING * * *
The death cob drains your vigour!
You feel as though you will be slow longer.
The shadow dragon bites you but does no damage.
The shadow dragon claws you but does no damage. x2
The purple draconian scorcher hits you but does no damage.
Your spellforged servitor conjures an orb of pure magic.
The death cob hits you but does no damage.
The death cob hits you!!
* * * LOW HITPOINT WARNING * * *
The shadow dragon breathes negative energy at you.
The bolt of negative energy hits you.
You feel drained.
You die...

...#..##########..#######
.....## ##......># ...###
## ###.....# #### ##^#
####..# .[.# #..# ####
#.^#### #..##### #=^"#
...^)# #......# #.?.#
#D.q#####.###.# #$^}+
...#.#.@^###.....#.#
#©$.# #q*○8^Dz###©...##.#
#$^|+
..^^#.#..^###.....#.#####
#^(^# .. ^^
#...###.....#<....# #$^=#
.^^ ^.^..# #.....#.###.#
### ### #..#### #...#.#.#
#.# ...# #.....#.# #.#
#### ##^# ####.#.###.#
#.# ...### ##
##....#.....###.#


You could see 2 shadow dragons, a yellow draconian shifter, a death cob, a
purple draconian scorcher and a friendly spellforged servitor.

Vanquished Creatures
  An ancient lich (Crypt:3)
  Mennas (Depths:3)
  2 greater mummies
  the Lernaean hydra (Swamp:4)
  Margery (Depths:1)
  Vashnia (Snake:3)
  9 caustic shrikes (Depths:5)
  Jory (Depths:5)
  9 golden dragons
  Nikola (Elf:2)
  5 bone dragons
  2 electric golems (Zot:2)
  10 tentacled monstrosities
  Rupert (D:15)
  7 liches
  Asterion (Depths:1)
  2 deep elf blademasters
  A deep elf master archer (Elf:3)
  A quicksilver dragon (Zot:2)
  10 ancient champions
  11 sphinxes
  5 tentacled starspawn
  5 death cobs
  Frances (Elf:1)
  Roxanne (Swamp:1)
  A thorn hunter (Swamp:4)
  Agnes (D:15)
  The ghost of Sagen the Devastator, an adept DrCj of Vehumet (Snake:2)
  A revenant (Crypt:1)
  6 shadow dragons
  4 tengu reavers
  8 nagarajas (Snake:4)
  5 storm dragons
  5 fire giants
  3 draconian knights
  3 daevas (Depths:3)
  An azure jelly (shapeshifter) (Elf:1)
  Louise (D:15)
  A ghost moth (Zot:1)
  3 frost giants
  4 cacodemons (Abyss:3)
  5 deep elf sorcerers
  6 deep elf elementalists
  8 vault wardens
  2 ghouls (Crypt:3)
  6 ironheart preservers
  2 reapers
  3 curse skulls (Crypt:3)
  A draconian stormcaller (Depths:5)
  3 angels (Depths:3)
  2 spriggan defenders (Depths:4)
  25 very ugly things
  16 stone giants
  2 entropy weavers
  10 vampire knights
  Nessos (D:13)
  6 deep elf demonologists
  3 black draconians
  3 white draconians
  A lorocyproca (Abyss:2)
  4 purple draconians
  A green draconian (Zot:2)
  3 spark wasps (Depths:3)
  3 yellow draconians (Depths:5)
  5 eidola
  8 deep elf annihilators
  6 red draconians
  9 ettins
  2 deep elf high priests
  A blizzard demon (Depths:3)
  15 yaktaur captains
  8 deep elf death magi
  7 jiangshi
  10 mummy priests
  7 fire dragons
  16 ice dragons
  7 great orbs of eyes
  3 ghost crabs (Elf:2)
  6 rakshasas
  4 vault guards
  A spriggan air mage (Depths:4)
  17 hydras
  A shambling mangrove (Swamp:3)
  15 naga warriors
  5 centaur warriors
  2 death knights
  19 anacondas
  5 tengu warriors
  A death yak (shapeshifter) (Depths:2)
  13 alligators
  7 vampire magi
  7 deep troll shamans
  A queen ant (shapeshifter) (Depths:4)
  22 dancing weapons
  3 deep troll earth magi
  5 death scarabs (Tomb:1)
  53 two-headed ogres
  3 spriggan berserkers (Depths:4)
  2 titan zombies
  17 ogre magi
  Urug (D:13)
  12 naga sharpshooters (Snake:4)
  2 shock serpents
  3 thrashing horrors
  A storm dragon zombie (Crypt:1)
  5 wretched stars
  A fire crab (shapeshifter) (Depths:2)
  3 sun demons
  A soul eater (Crypt:1)
  3 orc high priests
  26 deep elf knights
  5 hell knights
  2 titan skeletons
  A golden dragon zombie (Abyss:1)
  2 shadow wraiths
  5 salamander mystics
  3 sixfirhies
  3 storm dragon skeletons
  6 flayed ghosts
  24 skeletal warriors
  4 cherubim (Depths:3)
  2 iron trolls (Depths:2)
  21 deep trolls
  10 swamp dragons (Swamp:4)
  2 unseen horrors
  A torturous demonspawn (Depths:3)
  A gelid demonspawn (Depths:4)
  7 glowing orange brains
  An infernal demonspawn (Depths:3)
  4 spriggan druids
  4 anaconda zombies
  Pikel (D:9)
  2 anaconda skeletons
  12 deep elf archers
  3 wizards
  13 phantasmal warriors
  A wolf spider zombie (Crypt:1)
  15 ironbrand convokers
  11 naga ritualists
  A golden dragon skeleton (Elf:2)
  2 harpies (shapeshifter)
  11 necromancers
  A shadow dragon zombie (Abyss:2)
  An orange crystal statue (Depths:1)
  13 orc knights
  5 orc sorcerers
  2 stone giant zombies
  20 ugly things
  6 mana vipers
  3 wolf spiders
  A manticore (D:13)
  A faun (shapeshifter) (Vaults:2)
  64 deep elf magi
  2 fire giant zombies (Crypt:1)
  2 frost giant zombies (Crypt:3)
  12 salamanders
  2 shining eyes (Abyss:3)
  2 tengu skeletons
  A sphinx skeleton (Vaults:2)
  8 cyclopes
  3 worldbinders
  A fire giant skeleton (Depths:2)
  A shadow dragon skeleton (Crypt:1)
  A moth of wrath (shapeshifter) (Vaults:3)
  2 iron dragon skeletons
  An elephant (shapeshifter) (Vaults:2)
  An elephant (Lair:6)
  12 moths of wrath
  A rust devil (Abyss:3)
  A stone giant skeleton (Crypt:1)
  31 black mambas
  12 vault sentinels
  A gargoyle (D:12)
  15 guardian serpents
  A catoblepas zombie (Crypt:3)
  A spiny frog (shapeshifter) (Vaults:4)
  13 naga magi
  A torpor snail (shapeshifter) (Elf:1)
  2 orange demons
  A yellow draconian zombie (Crypt:3)
  A hellion (Depths:4)
  3 smoke demons
  An elephant slug zombie (Crypt:2)
  3 kobold demonologists
  A dire elephant skeleton (Tomb:1)
  7 freezing wraiths
  7 spiny frogs
  7 komodo dragons
  A redback zombie (Crypt:2)
  51 yaktaurs
  A black draconian zombie (Crypt:2)
  2 demonic crawlers (Abyss:3)
  4 rime drakes (Lair:6)
  2 efreet (D:15)
  An entropy weaver simulacrum (Vaults:2)
  3 ancient zymes
  10 tengu conjurers
  A golden dragon simulacrum (Elf:2)
  22 guardian mummies
  A yellow draconian skeleton (Crypt:1)
  A sea snake skeleton (Crypt:1)
  7 trolls
  A meliai (shapeshifter) (Vaults:2)
  2 meliai (D:14)
  A harpy skeleton (Crypt:1)
  7 tyrant leeches
  17 raiju
  A tengu simulacrum (Vaults:2)
  13 hornets
  A blink frog (shapeshifter) (Vaults:1)
  A sphinx simulacrum (Elf:2)
  A dream sheep (shapeshifter) (Elf:3)
  61 slime creatures
  6 dream sheep
  A slime creature (shapeshifter) (Elf:1)
  14 blink frogs
  7 bog bodies
  An ice dragon zombie (Crypt:1)
  A spriggan zombie (Depths:2)
  An iron dragon simulacrum (Depths:4)
  2 hippogriffs
  28 large abominations
  5 shadows
  An air elemental (Elf:1)
  6 redbacks
  3 ettin zombies
  A frost giant simulacrum (Depths:4)
  A vampire (D:14)
  An ice dragon skeleton (Crypt:1)
  2 ettin skeletons (Crypt:1)
  2 ynoxinuls (Abyss:2)
  12 spriggans
  A spriggan (shapeshifter) (Vaults:4)
  A tarantella (Orc:1)
  4 ushabtiu (Tomb:1)
  27 yaks
  22 flying skulls
  A wyvern (Lair:5)
  3 centaur simulacra
  2 fire elementals
  4 water elementals
  A fire dragon skeleton (Crypt:3)
  A fire bat (shapeshifter) (Elf:3)
  16 humans
  2 golden eyes (Abyss:3)
  11 wraiths
  A tyrant leech zombie (Crypt:3)
  Eustachio (D:4)
  19 vampire mosquitoes
  A basilisk (Lair:6)
  A human (shapeshifter) (Depths:2)
  2 chaos spawn (Abyss:3)
  2 neqoxecs (Abyss:3)
  3 hungry ghosts
  5 wargs
  11 swamp worms
  39 nagas
  3 insubstantial wisps (Swamp:1)
  A soldier ant (shapeshifter) (Depths:4)
  13 water moccasins
  A torturous demonspawn zombie (Crypt:1)
  A floating eye (Abyss:3)
  5 porcupines
  A torturous demonspawn skeleton (Crypt:3)
  17 swamp drakes
  2 merfolk skeletons
  26 orc warriors
  A spiny frog zombie (Crypt:3)
  4 ice beasts
  A sky beast (shapeshifter) (Vaults:1)
  2 sky beasts
  2 necrophages
  A black bear (D:11)
  A slave (D:9)
  A black bear (shapeshifter) (Vaults:3)
  An eye of draining (Abyss:3)
  A phantom (D:13)
  55 ogres
  17 boggarts
  A boggart (shapeshifter) (Vaults:4)
  4 wolves (Lair:2)
  5 centaurs
  A dream sheep skeleton (Crypt:3)
  8 crocodiles
  A manticore skeleton (Crypt:1)
  25 small abominations
  A rime drake zombie (Crypt:3)
  4 elf zombies
  2 glowing shapeshifter simulacra
  A big kobold (shapeshifter) (Depths:3)
  10 bullfrogs
  3 earth elementals
  A draconian skeleton (Crypt:2)
  A warg zombie (Crypt:1)
  5 scorpions
  A queen bee zombie (Crypt:2)
  A snapping turtle simulacrum (Crypt:1)
  10 killer bees
  5 wights
  3 howler monkeys
  26 starcursed masses
  4 crimson imps
  3 human simulacra
  A quasit (Abyss:2)
  A bullfrog zombie (D:12)
  2 centaur zombies
  8 hounds
  2 human zombies
  2 jellies
  16 orc wizards
  9 orc priests
  A bullfrog skeleton (D:4)
  2 iron imps (Abyss:3)
  10 centaur skeletons
  4 iguanas
  A lightning spire (Zot:2)
  9 worker ants
  A porcupine skeleton (Crypt:1)
  3 big kobold zombies (Ossuary)
  A killer bee zombie (D:6)
  A tengu zombie (Crypt:3)
  An ogre skeleton (Crypt:1)
  A big kobold skeleton (Crypt:2)
  2 hound skeletons
  16 mummies
  10 adders
  6 gnolls
  A steam dragon skeleton (Crypt:3)
  4 shadow imps
  A white imp (Abyss:3)
  2 ufetubi
  An ooze (D:3)
  A worm zombie (Crypt:2)
  3 adder skeletons
  2 worms (D:3)
  2 dart slugs
  7 leopard geckos
  61 orcs
  A bat zombie (Crypt:3)
  5 giant cockroaches
  8 goblins
  6 hobgoblins
  9 jackals
  7 kobolds
  3 quokkas
  A river rat zombie (Crypt:1)
  4 ball pythons
  11 bats
  2 frilled lizards
  A gnoll zombie (Ossuary)
  3 goblin zombies
  5 hobgoblin zombies (Ossuary)
  2 jackal skeletons
  A jackal zombie (D:6)
  A leopard gecko zombie (D:7)
  A quokka zombie (D:8)
  2 rats (D:1)
  A crawling corpse (Vaults:4)
  3 macabre masses
2127 creatures vanquished.

Vanquished Creatures (collateral kills)
  A juggernaut (Depths:4)
  A lich (Crypt:1)
  A deep elf blademaster (Elf:3)
  An Executioner (Abyss:3)
  2 vault wardens
  A draconian stormcaller (Depths:5)
  An ironheart preserver (Vaults:4)
  A stone giant (Vaults:4)
  A deep elf demonologist (Elf:3)
  A white draconian (Abyss:3)
  A yellow draconian (Depths:5)
  2 deep elf death magi
  A mummy priest (Tomb:1)
  Harold (D:7)
  3 starcursed masses (Abyss:2)
  8 hydras
  A shambling mangrove (Swamp:2)
  A death knight (D:14)
  2 two-headed ogres
  2 alligators
  A vampire mage (Vaults:3)
  A deep elf knight (Vaults:2)
  A hell knight (Depths:1)
  A cherub (Depths:3)
  A glowing orange brain (Abyss:3)
  An unseen horror (D:11)
  A necromancer (Depths:1)
  5 deep elf magi
  An orc sorcerer (Orc:1)
  4 elephants (Lair:6)
  An ugly thing (Depths:4)
  2 vault sentinels
  A black mamba (Lair:3)
  6 spiny frogs
  An orange demon (Abyss:3)
  A yaktaur (Vaults:2)
  3 large abominations (Abyss:3)
  3 rime drakes
  A komodo dragon (Lair:3)
  A kobold demonologist (D:12)
  A guardian mummy (Crypt:1)
  An ancient zyme (Abyss:3)
  2 tyrant leeches (Swamp:1)
  A harpy skeleton (Crypt:1)
  A meliai (D:14)
  3 raiju (Abyss:2)
  6 dream sheep
  8 blink frogs
  2 hippogriffs
  7 slime creatures
  2 basilisks
  An air elemental (Elf:1)
  13 yaks
  A tarantella (Vaults:4)
  A steam dragon (D:9)
  A human (D:13)
  A hungry ghost (D:13)
  2 neqoxecs (Abyss:3)
  2 vampire mosquitoes (Swamp:1)
  10 water moccasins
  3 small abominations
  An orc warrior (D:11)
  A swamp drake (Swamp:4)
  An eye of draining (D:10)
  A centaur (D:13)
  2 crocodiles
  A gnoll sergeant (D:12)
  2 bullfrogs
  A scorpion (D:12)
  A killer bee (D:10)
  2 wights (D:7)
  A human zombie (Crypt:1)
  A jelly (D:9)
  2 orc priests
  6 orc wizards
  A human skeleton (Crypt:1)
  2 mummies (Crypt:1)
  3 gnolls (D:12)
  2 adders
  11 orcs
  A quokka zombie (Crypt:1)
  A crawling corpse (Vaults:4)
183 creatures vanquished.

Vanquished Creatures (others)
  A deep elf master archer (Elf:3)
  A vault warden (Vaults:4)
  A stone giant (Depths:5)
  A spark wasp (Depths:3)
  3 yaktaur captains
  A two-headed ogre (Vaults:2)
  A centaur warrior (Depths:2)
  A naga sharpshooter (Snake:4)
  2 deep elf knights
  2 slime creatures
  A cherub (Depths:3)
  A deep elf archer (Elf:3)
  2 deep elf magi (Elf:1)
  A cyclops (Vaults:2)
  A manticore (D:15)
  12 yaktaurs
  A water moccasin (Lair:2)
  A slave (D:9)
  A boggart (Depths:1)
  A centaur (Depths:2)
  A small abomination (Abyss:3)
  5 orcs
  A quokka (D:9)
  5 bushes (D:9)
  A demonic plant (Abyss:3)
  6 fungi
  7 plants
  17 starspawn tentacles
79 creatures vanquished.

Grand Total: 2389 creatures vanquished

Notes
Turn   | Place    | Note
-------+----------+-------------------------------------------
     0 | D:1      | CyclopB the Barachi Monk began the quest for the Orb.
     0 | D:1      | Reached XP level 1. HP: 18/18 MP: 1/1
    78 | D:1      | Reached XP level 2. HP: 15/24 MP: 2/2
   605 | D:1      | Reached XP level 3. HP: 29/29 MP: 3/3
  1327 | D:2      | Reached skill level 5 in Long Blades
  1409 | D:2      | Reached XP level 4. HP: 34/36 MP: 4/4
  1890 | D:3      | Reached XP level 5. HP: 37/41 MP: 5/5
  2503 | D:3      | Found a bloodstained altar of Trog.
  2762 | D:3      | Found a shadowy altar of Dithmenos.
  2994 | D:4      | Noticed a sky beast
  3101 | D:4      | Reached XP level 6. HP: 39/48 MP: 4/6
  3815 | D:4      | Noticed Eustachio
  3882 | D:4      | Reached skill level 1 in Slings
  3963 | D:5      | Entered Level 5 of the Dungeon
  4343 | D:5      | Reached XP level 7. HP: 50/54 MP: 4/7
  4550 | D:5      | Found a staircase to the Ecumenical Temple.
  4572 | Temple   | Entered the Ecumenical Temple
  4715 | Temple   | Became a worshipper of Cheibriados the Contemplative
  4715 | Temple   | Reached * piety under Cheibriados
  4715 | Temple   | Reached ** piety under Cheibriados
  5689 | D:6      | Reached skill level 1 in Armour
  5728 | D:6      | Reached XP level 8. HP: 50/60 MP: 6/8
  5920 | D:6      | Reached skill level 2 in Armour
  6039 | D:6      | Reached skill level 10 in Long Blades
  6039 | D:6      | Reached skill level 3 in Armour
  6529 | D:4      | Killed Eustachio
  6529 | D:4      | Reached skill level 4 in Armour
  6680 | D:6      | Reached XP level 9. HP: 50/65 MP: 7/9
  6906 | D:6      | Reached skill level 5 in Armour
  7017 | D:5      | Reached *** piety under Cheibriados
  7253 | D:7      | Reached skill level 6 in Armour
  7544 | D:7      | Noticed Harold
  7685 | D:8      | Found a sand-covered staircase.
  7705 | D:8      | Learned a level 2 spell: Call Imp
  7707 | Ossuary  | Entered an ossuary
  7880 | Ossuary  | Reached skill level 7 in Armour
  8106 | D:8      | Reached skill level 1 in Summonings
  8580 | D:8      | Reached **** piety under Cheibriados
  8993 | D:8      | Reached skill level 8 in Armour
  9449 | D:9      | Noticed a troll
  9449 | D:9      | Noticed a hornet
  9484 | D:9      | Found a white marble altar of Elyvilon.
  9582 | D:9      | Found a sacrificial altar of Ru.
  9584 | D:9      | Found a glowing silver altar of Zin.
  9921 | D:9      | Reached XP level 10. HP: 73/73 MP: 6/10
  9949 | D:9      | Learned a level 3 spell: Call Canine Familiar
  9982 | D:9      | Reached skill level 5 in Fighting
 10015 | D:9      | Reached skill level 1 in Spellcasting
 10069 | D:9      | Found a blossoming altar of Fedhas.
 10069 | D:9      | Noticed Pikel
 10086 | D:9      | Killed Pikel
 10086 | D:9      | Reached skill level 5 in Summonings
 10285 | D:9      | Learned a level 1 spell: Freeze
 10365 | D:9      | Reached ***** piety under Cheibriados
 10571 | D:10     | Entered Level 10 of the Dungeon
 11200 | D:10     | Reached skill level 1 in Ice Magic
 11308 | D:10     | Found a staircase to the Orcish Mines.
 12162 | D:11     | Learned a level 4 spell: Summon Ice Beast
 12328 | D:11     | Noticed a two-headed ogre
 12535 | D:11     | Killed a two-headed ogre
 12535 | D:11     | Reached XP level 11. HP: 50/81 MP: 6/17
 12650 | D:11     | Killed an unseen horror
 12650 | D:11     | Reached skill level 5 in Ice Magic
 13329 | D:9      | Found a staircase to the Lair.
 13416 | Lair:1   | Entered Level 1 of the Lair of Beasts
 14624 | Lair:2   | Noticed an eight-headed hydra
 14635 | Lair:2   | Killed a seven-headed hydra
 14678 | Lair:2   | Reached skill level 10 in Summonings
 14688 | Lair:2   | Noticed an eight-headed hydra
 14697 | Lair:2   | Killed a five-headed hydra
 14847 | Lair:2   | Found a staircase to the Swamp.
 15002 | Lair:2   | Reached ****** piety under Cheibriados
 15431 | Lair:3   | Reached XP level 12. HP: 89/89 MP: 15/18
 15490 | Lair:3   | Noticed a five-headed hydra
 15497 | Lair:3   | Killed a three-headed hydra
 15773 | Lair:3   | Found a staircase to the Snake Pit.
 16050 | Lair:3   | Got a pitted ring mail
 16244 | Lair:3   | Identified the +2 ring mail of Kuewutoafy {rF+ MR- Str+4}
                  | (You found it on level 3 of the Lair of Beasts)
 16706 | Lair:4   | Reached skill level 10 in Fighting
 16906 | Lair:5   | Reached skill level 1 in Shields
 16917 | Lair:5   | Reached skill level 5 in Dodging
 17502 | Lair:5   | Found a staircase to the Slime Pits.
 17503 | Lair:5   | Found a viscous altar of Jiyva.
 17520 | Lair:5   | Noticed a four-headed hydra
 17536 | Lair:5   | Killed a three-headed hydra
 17619 | Lair:5   | Noticed a seven-headed hydra
 17626 | Lair:5   | Killed a seven-headed hydra
 17709 | Lair:6   | Entered Level 6 of the Lair of Beasts
 17821 | Lair:6   | Reached skill level 9 in Armour
 17927 | Lair:6   | Gained mutation: You can hop long distances. [Barachi
                  | growth]
 17927 | Lair:6   | Reached XP level 13. HP: 93/103 MP: 10/19
 17973 | Lair:6   | Reached skill level 10 in Armour
 18239 | Lair:6   | Reached skill level 5 in Spellcasting
 18755 | Lair:6   | Reached skill level 11 in Armour
 18961 | Swamp:1  | Entered Level 1 of the Swamp
 19129 | Swamp:1  | Noticed Roxanne
 19583 | D:7      | Killed Harold
 20225 | D:12     | Found a shimmering altar of Xom.
 20720 | D:13     | Found a gate to the Vaults.
 20720 | D:13     | Noticed Urug
 20720 | D:13     | Noticed Nessos
 20731 | D:13     | Killed Urug
 20886 | D:13     | Reached XP level 14. HP: 101/111 MP: 20/26
 20925 | D:13     | Found a shattered altar of Ashenzari.
 20994 | D:13     | Learned a level 4 spell: Throw Icicle
 21426 | D:13     | Reached skill level 1 in Conjurations
 21502 | D:13     | Killed Nessos
 23452 | D:15     | Entered Level 15 of the Dungeon
 23672 | D:15     | Noticed Agnes
 23811 | Orc:1    | Entered Level 1 of the Orcish Mines
 23840 | Orc:1    | Found Tutadurgh's Jewellery Emporium.
 24522 | Orc:1    | Found Olias's Book Boutique.
 24678 | Orc:1    | Found Vagu's Antique Armour Emporium.
 24774 | Orc:1    | Reached skill level 5 in Conjurations
 24788 | Orc:1    | Paralysed by an orc sorcerer for 6 turns
 24803 | Orc:1    | Paralysed by an orc sorcerer for 6 turns
 24815 | Orc:1    | Bought a bloodstained scale mail for 189 gold pieces
 24815 | Orc:1    | Identified the cursed +0 scale mail of Subjectivity {rF-
                  | MR+ Int+2 Dex+4} (You bought it in a shop on level 1 of the
                  | Orcish Mines)
 24883 | Orc:1    | Found Kaynuqex's Jewellery Boutique.
 24959 | Orc:1    | Bought an uncursed ring of protection from magic for 250
                  | gold pieces
 25121 | Orc:2    | Entered Level 2 of the Orcish Mines
 25258 | Orc:2    | Found Madys's General Store.
 25434 | Orc:2    | Reached XP level 15. HP: 123/123 MP: 9/27
 25565 | Orc:2    | Reached skill level 10 in Ice Magic
 25601 | Orc:2    | Reached skill level 1 in Invocations
 25860 | Orc:2    | Found Edueb's Food Shop.
 25860 | Orc:2    | Found Ycvatoh's Food Shoppe.
 25861 | Orc:2    | Found Ymel's Antique Weapon Emporium.
 25861 | Orc:2    | Found Kinguc's Armour Shop.
 26034 | Orc:2    | Found a staircase to the Elven Halls.
 26322 | Elf:1    | Entered Level 1 of the Elven Halls
 26322 | Elf:1    | Noticed a deep elf elementalist
 26328 | Elf:1    | Killed a deep elf elementalist
 27082 | Swamp:1  | Reached skill level 5 in Invocations
 28707 | Swamp:2  | Reached skill level 15 in Fighting
 29170 | Swamp:2  | Reached XP level 16. HP: 136/136 MP: 29/29
 30553 | Swamp:3  | Found a bloodstained altar of Trog.
 31056 | Swamp:4  | Entered Level 4 of the Swamp
 31231 | Swamp:4  | Noticed a tentacled monstrosity
 31254 | Swamp:4  | Killed a tentacled monstrosity
 31254 | Swamp:4  | Reached skill level 10 in Spellcasting
 31818 | Swamp:4  | Noticed a thorn hunter
 31835 | Swamp:4  | Killed a thorn hunter
 32042 | Swamp:4  | Noticed the 27-headed Lernaean hydra
 32252 | Snake:1  | Entered Level 1 of the Snake Pit
 33134 | Snake:2  | Found a transporter.
 33137 | Snake:2  | Found a transporter.
 33137 | Snake:2  | Noticed Sagen's ghost (adept DrCj)
 33254 | Snake:2  | Reached XP level 17. HP: 101/144 MP: 5/31
 33866 | Snake:2  | Reached skill level 10 in Conjurations
 34205 | Snake:3  | Reached skill level 10 in Dodging
 35217 | Snake:4  | Entered Level 4 of the Snake Pit
 35319 | Snake:4  | Reached skill level 12 in Armour
 35478 | Snake:4  | Noticed Vashnia
 35528 | Snake:3  | Killed Vashnia
 35528 | Snake:3  | Reached skill level 15 in Long Blades
 36104 | Snake:4  | Reached skill level 13 in Armour
 36115 | Snake:4  | Reached skill level 1 in Throwing
 37474 | Snake:4  | Reached XP level 18. HP: 151/151 MP: 21/33
 38162 | Snake:4  | Reached skill level 1 in Evocations
 39099 | Snake:4  | Reached skill level 5 in Evocations
 39168 | Snake:4  | Got a serpentine rune of Zot
 40803 | Elf:1    | Noticed Frances
 40811 | Elf:1    | Killed Frances
 41002 | Elf:1    | You fall through a shaft!
 41861 | Elf:1    | Identified the +1 robe of Fedhas's Benevolence {rF+}
 41880 | Elf:1    | Reached XP level 19. HP: 157/157 MP: 35/35
 41909 | Elf:1    | HP: 1/157 [+0 glaive of venom (29)]
 42228 | Elf:1    | Learned a level 4 spell: Summon Lightning Spire
 42734 | Elf:3    | Entered Level 3 of the Elven Halls
 43238 | Elf:2    | Noticed Nikola
 43617 | Elf:3    | Identified the +3 leather armour "Eloudips" {*Slow rPois
                  | rN+++ rCorr}
 43623 | Elf:3    | Gained mutation: You are clumsy. (Dex -2) [a cacodemon]
 44142 | Elf:3    | Identified the +8 storm dragon scales "Hochiqu" {rElec
                  | rCorr Int+2 Dex+3 Slay+2 Stlth+}
 44494 | Elf:3    | Identified the +12 hand axe of Exhibitionism {chop, rF+
                  | Str-3 Int+4 Stlth+}
 45166 | Elf:3    | Reached skill level 15 in Spellcasting
 45440 | Elf:3    | Cast into level 2 of the Abyss (a deep elf demonologist)
 45963 | Elf:3    | Escaped the Abyss
 46210 | Elf:3    | Reached XP level 20. HP: 166/166 MP: 26/39
 46311 | Elf:3    | Learned a level 5 spell: Aura of Abjuration
 46313 | Elf:3    | Got a faintly glowing scale mail
 46647 | Elf:3    | Got an ichor-stained chain mail
 46670 | Elf:3    | Identified a +2 pair of boots of running (You found it on
                  | level 3 of the Elven Halls)
 46702 | Elf:3    | Identified the amulet "Mefip" {Harm *Drain rPois rN+
                  | Slay+3}
 46776 | Elf:3    | Learned a level 6 spell: Shadow Creatures
 47213 | Orc:2    | Identified the +6 chain mail "Dunewk" {rF+ rC++ MP+9
                  | Stlth-} (You found it on level 3 of the Elven Halls)
 47240 | Orc:2    | Identified the cursed +1 scale mail of the Shining Light
                  | {+Inv rF+ MP+9 Str-2} (You found it on level 3 of the Elven
                  | Halls)
 47728 | Vaults:1 | Entered Level 1 of the Vaults
 47968 | Vaults:1 | Got a slimy chain mail
 48043 | Vaults:1 | Reached skill level 14 in Armour
 48173 | D:13     | Identified the +9 chain mail of Eternity {rPois} (You found
                  | it on level 1 of the Vaults)
 48524 | Vaults:1 | Reached skill level 15 in Armour
 48812 | Vaults:1 | Reached skill level 16 in Armour
 49383 | Vaults:1 | Reached skill level 17 in Armour
 49663 | Vaults:2 | Reached skill level 18 in Armour
 50321 | Vaults:2 | Reached skill level 19 in Armour
 51036 | Vaults:2 | Reached XP level 21. HP: 173/173 MP: 41/41
 53684 | Vaults:3 | Found a staircase to the Crypt.
 54060 | Vaults:3 | Identified a +2 pair of boots of running (You found it on
                  | level 3 of the Vaults)
 55138 | Vaults:4 | Reached XP level 22. HP: 166/184 MP: 38/42
 55789 | D:15     | Got a warped chain mail
 55807 | D:15     | Identified the cursed +1 chain mail of Depression {-Cast
                  | rElec rC- rN+++} (You found it on level 15 of the Dungeon)
 55904 | D:15     | Killed Agnes
 55981 | D:15     | Noticed Rupert
 55989 | D:15     | Killed Rupert
 56206 | D:15     | Noticed Louise
 56224 | D:15     | Killed Louise
 56485 | D:15     | Found Efus's Gadget Shoppe.
 56489 | D:15     | Bought a wand of iceblast (5) for 117 gold pieces
 56489 | D:15     | Bought a box of beasts for 260 gold pieces
 56523 | D:15     | Found a staircase to the Depths.
 56558 | Depths:1 | Entered Level 1 of the Depths
 56565 | D:15     | Reached skill level 10 in Evocations
 56800 | Depths:1 | Found a shimmering altar of Xom.
 56801 | Depths:1 | Noticed Asterion
 56816 | Depths:1 | Killed Asterion
 56872 | Depths:1 | Found a one-way gate to the infinite horrors of the Abyss.
 57774 | Depths:1 | Found a gateway to a ziggurat.
 57847 | Depths:1 | Found a gateway to Hell.
 57847 | Depths:1 | Noticed Margery
 57958 | Depths:1 | Killed Margery
 58415 | Depths:2 | Found a flickering gateway to a bazaar.
 58429 | Bazaar   | Entered a bazaar
 58429 | Bazaar   | Found Haajiwk's Distillery.
 58429 | Bazaar   | Found Ryff's Jewellery Shoppe.
 58429 | Bazaar   | Found Qecakap's Magic Scroll Shop.
 58429 | Bazaar   | Found Ezeacim's Magic Scroll Shoppe.
 58430 | Bazaar   | Found Baics's Food Shop.
 58471 | Bazaar   | Bought 2 potions of experience for 1100 gold pieces
 58474 | Bazaar   | Reached skill level 10 in Invocations
 58474 | Bazaar   | Reached XP level 23. HP: 180/190 MP: 43/43
 58475 | Bazaar   | Reached XP level 24. HP: 187/197 MP: 43/43
 58476 | Bazaar   | Bought a scroll of enchant weapon for 52 gold pieces
 58476 | Bazaar   | Bought a scroll of blinking for 52 gold pieces
 58476 | Bazaar   | Bought a scroll of identify for 14 gold pieces
 58476 | Bazaar   | Bought a scroll of identify for 14 gold pieces
 58476 | Bazaar   | Bought a scroll of blinking for 52 gold pieces
 58476 | Bazaar   | Bought a scroll of teleportation for 21 gold pieces
 58476 | Bazaar   | Bought a scroll of immolation for 24 gold pieces
 58487 | Bazaar   | Bought a scroll of summoning for 152 gold pieces
 58498 | Bazaar   | Bought a scroll of enchant armour for 52 gold pieces
 58502 | Bazaar   | Bought a ration for 35 gold pieces
 58903 | Depths:2 | Reached skill level 15 in Dodging
 59791 | Depths:2 | Reached XP level 25. HP: 187/204 MP: 43/43
 60689 | Depths:3 | Found a flickering gateway to a bazaar.
 61171 | Depths:3 | Found a sparkling altar of Nemelex Xobeh.
 61594 | Crypt:1  | Entered Level 1 of the Crypt
 62678 | Crypt:1  | Found an ancient bone altar of Kikubaaqudgha.
 62965 | Crypt:1  | Identified the amulet of Isatwudgh {rPois Regen+ Int+9
                  | Dex+3 Slay-3}
 63146 | Crypt:1  | Found a basalt altar of Yredelemnul.
 63171 | Crypt:1  | Got a vibrating golden amulet
 63172 | Crypt:1  | Identified the amulet "Uti Hena" {Regen+ Int+2} (You found
                  | it on level 1 of the Crypt)
 63408 | Crypt:2  | Reached skill level 20 in Armour
 63616 | Crypt:2  | Reached skill level 5 in Shields
 63624 | Crypt:2  | Noticed a greater mummy
 64108 | Crypt:1  | Identified a scroll of acquirement
 64711 | Elf:2    | Identified the Almanac of Unholy Magic
 64738 | Elf:2    | Killed Nikola
 64833 | Elf:2    | Found a huge runed translucent gate.
 64833 | Elf:2    | Found a huge runed translucent gate.
 64835 | Elf:2    | Found a huge runed translucent gate.
 64840 | Elf:2    | Found a huge runed translucent gate.
 64840 | Elf:2    | Found a huge runed translucent gate.
 65187 | Elf:2    | Reached skill level 21 in Armour
 66007 | Depths:3 | Found a one-way gate leading to the halls of Pandemonium.
 66147 | Depths:3 | Reached XP level 26. HP: 125/211 MP: 37/43
 66341 | Depths:3 | Noticed Mennas
 66554 | Depths:3 | Killed Mennas
 66723 | Depths:3 | Found a glowing silver altar of Zin.
 66732 | Depths:3 | Identified Sif Muna's Volume of the Entourage
 67413 | Depths:4 | Reached skill level 22 in Armour
 67416 | Depths:4 | Noticed a juggernaut
 67425 | Depths:4 | Killed a juggernaut
 67425 | Depths:4 | Reached skill level 15 in Conjurations
 67565 | Depths:4 | Found a flickering gateway to a bazaar.
 67582 | Depths:4 | Found the +7 Spriggan's Knife {stab, EV+4 Stlth+}
 67586 | Bazaar   | Entered a bazaar
 67586 | Bazaar   | Found Ocrom's Magic Scroll Emporium.
 67586 | Bazaar   | Found Qaps's Book Shoppe.
 67593 | Bazaar   | Found Ifatan's Distillery.
 67604 | Bazaar   | Found Igestue's Distillery.
 67613 | Bazaar   | Found Jemaf's Weapon Shop.
 67668 | Bazaar   | Bought a scroll of enchant weapon for 67 gold pieces
 67668 | Bazaar   | Bought a scroll of acquirement for 468 gold pieces
 67678 | Bazaar   | Bought a potion of heal wounds for 70 gold pieces
 67678 | Bazaar   | Bought a potion of mutation for 112 gold pieces
 67688 | Bazaar   | Bought a potion of heal wounds for 45 gold pieces
 67688 | Bazaar   | Bought a potion of resistance for 90 gold pieces
 67688 | Bazaar   | Bought a potion of heal wounds for 45 gold pieces
 67688 | Bazaar   | Bought 2 potions of resistance for 180 gold pieces
 67688 | Bazaar   | Bought a potion of cancellation for 72 gold pieces
 68215 | Depths:4 | Identified the +7 great sword "Ydanas" {flame, Dex+3}
 69145 | Depths:5 | Entered Level 5 of the Depths
 69513 | Depths:5 | Found a flickering gateway to a bazaar.
 69533 | Bazaar   | Entered a bazaar
 69535 | Bazaar   | Found Yjucog's Book Boutique.
 69538 | Bazaar   | Found Ycetiset's Gadget Boutique.
 69539 | Bazaar   | Found Butrauh's Book Boutique.
 69539 | Bazaar   | Found Jogeitia's Book Boutique.
 69588 | Bazaar   | Bought a book of Power for 495 gold pieces
 69593 | Bazaar   | Bought a book of Ice for 715 gold pieces
 69601 | Bazaar   | Learned a level 7 spell: Orb of Destruction
 69609 | Bazaar   | Learned a level 7 spell: Spellforged Servitor
 69616 | Bazaar   | Learned a level 6 spell: Bolt of Fire
 69621 | Bazaar   | Bought a wand of flame (20) for 99 gold pieces
 69621 | Bazaar   | Bought a wand of clouds (5) for 243 gold pieces
 69621 | Bazaar   | Bought a wand of acid (7) for 198 gold pieces
 69621 | Bazaar   | Bought a wand of paralysis (4) for 54 gold pieces
 69922 | Depths:5 | Reached XP level 27. HP: 217/217 MP: 35/43
 69984 | Depths:5 | Noticed Jory
 70024 | Depths:5 | Killed Jory
 70371 | Depths:5 | Learned a level 6 spell: Bolt of Cold
 70426 | Depths:5 | Found a portal to a secret trove of treasure.
 71000 | Depths:5 | Found a gate to the Realm of Zot.
 71411 | Depths:1 | Got an ebony scythe
 71416 | Depths:1 | Got a bloodstained falchion
 71417 | Depths:1 | Identified the +6 falchion "Acherude" {slice, Int+2} (You
                  | found it on level 1 of the Depths)
 71421 | Depths:1 | Got a fine falchion
 71422 | Depths:1 | Identified the +6 falchion "Wofibrov" {flame, +Blink} (You
                  | found it on level 1 of the Depths)
 71490 | Depths:1 | Voluntarily entered the Abyss.
 71490 | Abyss:1  | Found a corrupted altar of Lugonu.
 71879 | Abyss:3  | Gained mutation: Armour fits poorly on your strangely
                  | shaped body. [a neqoxec]
 71910 | Abyss:3  | Gained mutation: Your body sometimes deteriorates upon
                  | taking damage. [a cacodemon]
 72442 | Abyss:3  | Lost mutation: Your body sometimes deteriorates upon taking
                  | damage. [potion of mutation]
 72442 | Abyss:3  | Lost mutation: You are clumsy. (Dex -2) [potion of
                  | mutation]
 72442 | Abyss:3  | Lost mutation: Armour fits poorly on your strangely shaped
                  | body. [potion of mutation]
 72442 | Abyss:3  | Gained mutation: You are frail. (-10% HP) [potion of
                  | mutation]
 72442 | Abyss:3  | Gained mutation: You are agile. (Dex +2) [potion of
                  | mutation]
 72442 | Abyss:3  | Gained mutation: You have sharp fingernails. [potion of
                  | mutation]
 72442 | Abyss:3  | Gained mutation: Your spells are a little harder to cast,
                  | but a little more powerful. [potion of mutation]
 72473 | Abyss:3  | Gained mutation: Your body sometimes deteriorates upon
                  | taking damage. [a cacodemon]
 72474 | Abyss:3  | Gained mutation: Your magical capacity is low. (-10% MP) [a
                  | cacodemon]
 72557 | Abyss:3  | Got an abyssal rune of Zot
 72706 | Depths:1 | Escaped the Abyss
 72970 | Lair:1   | Learned a level 6 spell: Ozocubu's Refrigeration
 73164 | Swamp:1  | Killed Roxanne
 73516 | Swamp:4  | Killed the 27-headed Lernaean hydra
 73579 | Swamp:4  | Got a decaying rune of Zot
 73860 | Snake:2  | Killed Sagen's ghost
 74294 | Crypt:2  | Killed a greater mummy
 74595 | Crypt:3  | Entered Level 3 of the Crypt
 75549 | Crypt:3  | Found a staircase to the Tomb.
 76208 | Crypt:3  | Noticed an ancient lich
 76349 | Crypt:3  | Killed an ancient lich
 76454 | Tomb:1   | Entered Level 1 of the Tomb of the Ancients
 76672 | Tomb:1   | Reached skill level 15 in Ice Magic
 77149 | Tomb:1   | Noticed a greater mummy
 77163 | Tomb:1   | Killed a greater mummy
 77822 | Zot:1    | Entered Level 1 of the Realm of Zot
 78626 | Zot:2    | Found a transporter.
 78967 | Zot:2    | Found a transporter.
 79525 | Zot:2    | Paralysed by the power of Zot for 4 turns
 79528 | Zot:2    | HP: 3/201 [death cob (22)]
 79528 | Zot:2    | Killed from afar by a shadow dragon

Skill      XL: |  1  2  3  4  5  6  7  8  9 10 11 12 13 14 15 16 17 18 19 20 21 22 23 24 25 26 27 |
---------------+----------------------------------------------------------------------------------+-----
Long Blades    | 4 5 6 7 8 10 12 14 15 16 | 16.0
Dodging        | 4 8 9 10 12 14 15 16 18 | 18.0
Fighting       | 4 6 10 13 15 16 18 20 | 20.0
Slings         | 2 4 |  4.5
Armour         | 1 4 8 9 11 13 19 21 22 | 22.0
Summonings     | 4 8 10 12 13 14 | 14.0
Spellcasting   | 4 8 9 10 11 12 15 16 18 | 18.0
Ice Magic      | 4 6 9 10 11 16 | 16.0
Shields        | 4 7 |  7.0
Conjurations   | 5 6 9 10 13 14 17 21 | 21.1
Invocations    | 6 8 9 10 11 12 | 12.4
Throwing       | 2 |  2.6
Evocations     | 8 9 12 | 12.2
Stealth        | |  1.7
Air Magic      | |  0.4

Action                   |  1- 3 |  4- 6 |  7- 9 | 10-12 | 13-15 | 16-18 | 19-21 | 22-24 | 25-27 || total
-------------------------+-------+-------+-------+-------+-------+-------+-------+-------+-------++-------
Melee: Falchion          |   127 |   199 |   336 |    22 |       |       |       |       |       ||   684
       Long sword        |       |       |       |   260 |   846 |   558 |       |       |       ||  1664
       Staff             |       |       |       |       |       |     1 |     3 |     4 |     1 ||     9
       Scimitar          |       |       |       |       |       |    67 |   724 |   116 |    21 ||   928
       Demon blade       |       |       |       |       |       |       |       |   152 |  1304 ||  1456
       Eudemon blade     |       |       |       |       |       |       |       |       |   745 ||   745
 Fire: Hunting sling     |       |    35 |   241 |   227 |   301 |    10 |       |       |       ||   814
       Blowgun           |       |    23 |    57 |    39 |     5 |       |     3 |       |       ||   127
Throw: Stone             |    24 |    27 |    14 |    27 |    33 |       |       |       |       ||   125
       Tomahawk          |       |       |       |     5 |    39 |    21 |    21 |     4 |    39 ||   129
 Cast: Call Imp          |       |       |     4 |    64 |    50 |     2 |     8 |       |       ||   128
       Call Canine Famil |       |       |       |    32 |    24 |       |    10 |       |       ||    66
       Freeze            |       |       |       |    33 |    16 |       |       |       |       ||    49
       Summon Ice Beast  |       |       |       |    25 |    36 |     7 |    11 |       |     3 ||    82
       Throw Icicle      |       |       |       |       |   137 |   744 |   721 |   294 |   751 ||  2647
       Summon Lightning  |       |       |       |       |       |       |    13 |     3 |    27 ||    43
       Aura of Abjuratio |       |       |       |       |       |       |     2 |     4 |    16 ||    22
       Shadow Creatures  |       |       |       |       |       |       |     1 |       |     1 ||     2
       Orb of Destructio |       |       |       |       |       |       |       |       |    68 ||    68
       Bolt of Cold      |       |       |       |       |       |       |       |       |    47 ||    47
       Ozocubu's Refrige |       |       |       |       |       |       |       |       |     7 ||     7
       Spellforged Servi |       |       |       |       |       |       |       |       |     3 ||     3
Invok: Bend Time         |       |       |       |       |     1 |     2 |     8 |     4 |    13 ||    28
       Temporal Distorti |       |       |       |       |     1 |     4 |     5 |     3 |     5 ||    18
       Slouch            |       |       |       |       |       |       |     5 |       |     3 ||     8
       Step From Time    |       |       |       |       |       |       |     1 |       |     1 ||     2
 Abil: Hop               |       |     5 |    10 |    14 |    18 |    12 |    16 |     2 |    25 ||   102
       Stop Flying       |       |       |       |       |       |       |       |       |     3 ||     3
       Evoke Flight      |       |       |       |       |       |       |       |       |     2 ||     2
Evoke: Wand              |       |       |     1 |    14 |    34 |    13 |    20 |     5 |    12 ||    99
       Lightning rod     |       |       |       |       |       |       |     7 |     7 |    15 ||    29
       Sack of spiders   |       |       |       |       |       |       |     3 |       |     2 ||     5
       Box of beasts     |       |       |       |       |       |       |     2 |       |       ||     2
       Phial of floods   |       |       |       |       |       |       |       |       |     3 ||     3
       Lamp of fire      |       |       |       |       |       |       |       |       |     3 ||     3
  Use: Potion            |       |     1 |     2 |     2 |     7 |     2 |     7 |     2 |     6 ||    29
       Scroll            |       |       |     7 |    11 |    13 |    11 |     9 |     4 |    29 ||    84
 Stab: Sleeping          |     1 |     2 |     3 |     1 |     7 |     1 |       |       |       ||    15
       Distracted        |       |     2 |       |       |     6 |     3 |     7 |     2 |    12 ||    32
       Confused          |       |       |       |       |       |       |       |     1 |       ||     1
  Eat: Chunk             |     2 |    10 |     9 |    20 |    24 |    14 |    24 |    10 |    16 ||   129
       Ration            |       |       |     2 |     1 |     1 |     3 |     1 |       |     9 ||    17
Armor: Robe              |     5 |       |       |       |       |       |       |       |       ||     5
       Ring mail         |    38 |    55 |    69 |    18 |       |       |       |       |       ||   180
       Skin              |       |       |    29 |    14 |       |       |       |       |       ||    43
       Scale mail        |       |       |       |    86 |   151 |    24 |       |       |       ||   261
       Swamp dragon scal |       |       |       |       |       |   149 |    30 |       |       ||   179
       Storm dragon scal |       |       |       |       |       |       |   189 |    31 |   403 ||   623
       Chain mail        |       |       |       |       |       |       |    60 |    75 |   221 ||   356
Dodge: Dodged            |    82 |    92 |   181 |   177 |   391 |   468 |   608 |   233 |  1571 ||  3803
Block: Other             |       |       |     7 |    14 |       |       |       |       |       ||    21
       Buckler           |       |       |       |    14 |   353 |   442 |   513 |   183 |   999 ||  2504
       Reflection        |       |       |       |       |    20 |    81 |    86 |    15 |    47 ||   249
       Rpst.: Falchion   |    33 |    29 |    50 |     1 |       |       |       |       |       ||   113
       Long sword        |       |       |       |    45 |   106 |    51 |       |       |       ||   202
       Scimitar          |       |       |       |       |       |     9 |    87 |    15 |     1 ||   112
       Demon blade       |       |       |       |       |       |       |       |    21 |   158 ||   179
       Eudemon blade     |       |       |       |       |       |       |       |       |   129 ||   129
